AoeStats
← 鄙人張麻子

Arabia

505472888Analyzed
1v1 RM · 23d ago on Sep 9, 2026· 35m 15s· 2 players
Game mode
Random Map
Map size
Tiny (2 player)
Population
200
Speed
Normal
Resources
Standard
Victory
Conquest
Starting age
Dark Age
Ending age
Imperial Age
RankedLock teamsTeams togetherTeam positionsShared explorationLock speedFull tech treeHidden civsTurbo modeCheats
Victory
Defeat
🇨🇳 Hindustanis · China
1140
+17
🇹🇼 Magyars · Taiwan
1156
-17
TRANG
10:24 Feudal Age
10:01 Loom
14:54 Castle Age
14:38 Double-Bit Axe
24:08 Wheelbarrow
24:16 Horse Collar
25:33 Sanctity
26:05 Bloodlines
28:02 Forging
28:00 Scale Barding Armor
30:11 Chain Barding Armor
30:02 Forging
33:53 Husbandry
鄙人張麻子
6:46 Loom
9:08 Feudal Age
9:44 Double-Bit Axe
14:39 Fletching
19:17 Castle Age
17:44 Scale Mail Armor
18:24 Horse Collar
18:46 Gold Mining
19:55 Bodkin Arrow
21:50 Husbandry
23:48 Bow Saw
26:17 Wheelbarrow
26:15 Fervor
25:55 Town Watch
30:00 Padded Archer Armor
31:12 Thumb Ring
34:30 Ballistics
Connection lost

Rejoining the realm…

Still unreachable

The connection could not be restored.

Session expired

The server has moved on; the page needs a fresh start.